 Dungeon Crawl Stone Soup version 0.31-a0-986-g5e6e4ef867 (webtiles) character file.

Game seed: 16287179292789009131

104 Jeffwins the Changeling (level 4, 0/25 HPs)
             Began as a Draconian Shapeshifter on Nov 24, 2023.
             Slain by gebbletook2's ghost (6 damage)
             ... on level 3 of the Dungeon.
             The game lasted 00:03:03 (2307 turns).

Jeffwins the Changeling (Draconian Shapeshifter)    Turns: 2307, Time: 00:03:04

Health: 0/25       AC:  5    Str: 17    XL:     4   Next: 52%
Magic:  4/4        EV: 12    Int: 12    God:
Gold:   152        SH:  0    Dex: 10    Spells: 3/3 levels left

rFire   . .          .
                       - Unarmed
rCold   . . .        (shield currently unavailable)
rNeg    . . .        (body armour unavailable)
rPois   .            (helmet restricted)
rElec   .            (no cloak)
rCorr   .            (no gloves)
SInv    .            (no boots)
Will    .....        (no amulet)
Stlth   +            (no ring)
HPRegen 0.24/turn    (no ring)
MPRegen 0.09/turn

%: no passive effects
@: flux-form, glowing
A: glow, contaminating, reduced hp, AC +5, unfitting armour, cold-blooded
a: Begin Untransformation


You were on level 3 of the Dungeon.
You were something dangerously unstable.
You visited 1 branch of the dungeon, and saw 3 of its levels.

You collected 152 gold pieces.


Innate Abilities, Weirdness & Mutations

You are something dangerously unstable.
You glow with magical radiation, making you easy to see and hit.
Foes you strike become dangerously contaminated with magical radiation.
Your maximum health is decreased, since you lack skill for your form.
You are incapable of wielding weapons or throwing items.
Your plain brown scales are hard. (AC +5)
You cannot fit into any form of body armour.
You are cold-blooded and may be slowed by cold attacks.


   Skills:
 - Level 2.0 Fighting
 - Level 2.0 Dodging
 + Level 1.7 Stealth
 + Level 3.5 Unarmed Combat
 * Level 4.0 Shapeshifting


You had 3 spell levels left.
You didn't know any spells.
Your spell library contained the following spells:

 Spells                   Type           Power      Damage    Failure   Level
 Apportation              Tloc           0%         N/A       32%         1
 Necrotise                Necr           0%         1d4       32%         1
 Ensorcelled Hibernation  Hex/Ice        0%         N/A       45%         2
 Jinxbite                 Hex            0%         N/A       45%         2
 Lesser Beckoning         Tloc           0%         N/A       45%         2
 Gell's Gravitas          Tloc           0%         N/A       69%         3
 Teleport Other           Tloc           0%         N/A       69%         3
 Vampiric Draining        Necr           0%         2d6       69%         3
 Volatile Blastmotes      Fire/Tloc      0%         2d10      69%         3
 Anguish                  Hex/Necr       0%         N/A       97%         4
 Fulminant Prism          Conj/Hex       0%         3d5       97%         4
 Iskenderun's Mystic Bla  Conj/Tloc      0%         2d3       97%         4
 Agony                    Necr           0%         N/A       100%        5
 Alistair's Intoxication  Tmut/Pois      0%         N/A       100%        5

Inventory:

Talismans
 b - a beast talisman
 c - a flux talisman (active)
Scrolls
 f - 2 scrolls of vulnerability {unknown}
 h - 7 scrolls of identify {unknown}
 i - a scroll of enchant armour {unknown}
 k - a scroll of silence {unknown}
 m - a scroll of fear {unknown}
Potions
 a - a potion of lignification {!q}
 d - a potion of heal wounds {unknown}
 e - 2 potions of might {unknown}
 g - a potion of degeneration {unknown}
 j - 2 potions of curing {unknown}
 l - 3 potions of attraction {unknown}
 n - a potion of cancellation {unknown}

Dungeon Overview and Level Annotations

Branches:
Dungeon (3/15)

Altars:

Annotations:
D:3 gebbletook2's ghost, weakling OpSh

##.###....#.##... ▒▒▒▒▒#
#..#...##.##
▒.=.▒###....####.##
▒.~.▒....#### #...#
▒.~.▒##### #...#
▒.~.▒##.## #...#
▒.~.▒#.#.## #...#
#######▒▒W▒▒.###.## #...#
.......#.p.)## ##.# #<..#
.......#...#.###.#####...#
.>....†.....#.#...........
.......####...............
....... ####............
....... #.#######...#
....... #.# #...# #######
#.# #...# .. ##...#


You could see gebbletook2's ghost (heavy contam).


Message History

You miss gebbletook2's ghost.
Gebbletook2's ghost keens inconsolably.
Gebbletook2's ghost hits you but does no damage.
Unknown command.
You closely miss gebbletook2's ghost.
Gebbletook2's ghost whispers, "The ORB doesn't exist."
Gebbletook2's ghost hits you.
Unknown command.
You closely miss gebbletook2's ghost. Gebbletook2's ghost hits you.
Unknown command.
You closely miss gebbletook2's ghost. Gebbletook2's ghost closely misses you.
Unknown command.
You miss gebbletook2's ghost.
You tail-slap gebbletook2's ghost, but do no damage.
Gebbletook2's ghost hits you!
* * * LOW HITPOINT WARNING * * *
Unknown command.
You hit gebbletook2's ghost but do no damage.
Gebbletook2's ghost begins to glow.
Gebbletook2's ghost hits you.
* * * LOW HITPOINT WARNING * * *
Unknown command.
You hit gebbletook2's ghost.
Gebbletook2's ghost glows dangerously bright.
Gebbletook2's ghost is lightly damaged.
Gebbletook2's ghost barely misses you.
Unknown command.
You barely miss gebbletook2's ghost.
Gebbletook2's ghost is lightly damaged.
Gebbletook2's ghost hits you.
You die...

Skill      XL: |  1  2  3  4 |
---------------+-------------+-----
Dodging        | 2 |  2.0
Stealth        | 1 |  1.7
Fighting       | 2 |  2.0
Shapeshifting  | 4 |  4.0
Unarmed Combat | |  3.5

Action                     |  1- 3 |  4- 6 || total
---------------------------+-------+-------++-------
  Melee: Unarmed           |   114 |    62 ||   176
         Tailslap          |    19 |     5 ||    24
   Stab: Sleeping          |     1 |     2 ||     3
 Armour: Skin              |    56 |    37 ||    93
  Dodge: Dodged            |    65 |    35 ||   100
   Form: Flux              |       |     1 ||     1

Levels and vault maps discovered:
D:1:      minmay_arrival_stone_box, layout_basic, serial_forest,
          infiniplex_forest_lined_3, infiniplex_forest_clump_double,
          infiniplex_forest_straight_5, infiniplex_forest_end_double,
          infiniplex_forest_lined_1, infiniplex_forest_end_2
D:2:      layout_basic, chequers_serial_rivers_small_b
D:3:      layout_loops_cross, ebering_ghost_reflecting_pool, minmay_misc_feat_x

Notes
Turn   | Place    | Note
-------+----------+-------------------------------------------
     0 | D:1      | Jeffwins the Draconian Shapeshifter began the quest for the
                  | Orb.
     0 | D:1      | Reached XP level 1. HP: 16/16 MP: 1/1
   201 | D:1      | Reached XP level 2. HP: 18/23 MP: 2/2
   593 | D:1      | Reached skill level 2 in Dodging
  1014 | D:2      | Reached skill level 1 in Stealth
  1014 | D:2      | Reached XP level 3. HP: 28/29 MP: 3/3
  1104 | D:2      | Reached skill level 2 in Fighting
  1388 | D:2      | Reached XP level 4. HP: 27/36 MP: 4/4
  2117 | D:3      | Reached skill level 4 in Shapeshifting
  2277 | D:3      | Found a runed translucent door.
  2277 | D:3      | Noticed gebbletook2's ghost (weakling OpSh)
  2307 | D:3      | Slain by gebbletook2's ghost

Vanquished Creatures
  4 adders
  2 worms (D:2)
  2 dart slugs (D:2)
  6 endoplasms
  2 giant cockroaches
  5 goblins
  6 hobgoblins
  3 jackals (D:2)
  A quokka (D:1)
  4 ball pythons
  7 bats
  5 frilled lizards
  7 kobolds
  5 rats
59 creatures vanquished.

Table legend: (Time is in decaauts)
 A = Elapsed time spent in this place.
 B = Non-inter-level travel time spent in this place.
 C = Inter-level travel time spent in this place.
 D = Time resting spent in this place.
 E = Time spent auto-exploring this place.
 F = Levels seen in this place.
 G = Mean time per level.
                   A        B        C        D        E       F      G
               +--------+--------+--------+--------+--------+-----+--------+
         Total |   2302 |   2280 |     22 |      3 |   1835 |   3 |  767.3 |
       Dungeon |   2302 |   2280 |     22 |      3 |   1835 |   3 |  767.3 |
               +--------+--------+--------+--------+--------+-----+--------+

Top non-repeatable levels by time:
     D:1: 905 daAuts
     D:2: 785 daAuts
     D:3: 611 daAuts

Table legend:
 A = Non-vault XP
 B = Vault XP
 C = Vault XP percentage of total XP
 D = Non-vault monster count
 E = Vault monster count
 F = Vault count percentage of total count
                 A         B        C        D         E       F
            +---------+---------+-------+---------+---------+-------
      Total |     149 |       0 |   0.0 |      59 |       0 |   0.0
            +---------+---------+-------+---------+---------+-------
        D:1 |      39 |       0 |   0.0 |      26 |       0 |   0.0
        D:2 |      69 |       0 |   0.0 |      22 |       0 |   0.0
        D:3 |      41 |       0 |   0.0 |      11 |       0 |   0.0
            +---------+---------+-------+---------+---------+-------
